[ PARTIDA AOE2 · #460485137 ]
UnrankedSarracenos vs Incas
[ ANÁLISIS DE REPETICIÓN · EXTRAÍDO DE LA PARTIDA GRABADA ]
Feudal
10:30
Castillos
20:22
Imperial
34:27
| APM promedio | 36.5 |
| APM pico | 65 |
| eAPM promedio | 16.7 |
| Aldeanos / militares | 96 / 74 |
Foco
⚔️ 45.2% · 🌾 54.8%
Archer ×46 · Mameluke ×26 · Trebuchet (Packed) ×2
Feudal
10:56
Castillos
15:42
Imperial
—
| APM promedio | 32.6 |
| APM pico | 80 |
| eAPM promedio | 22.8 |
| Aldeanos / militares | 125 / 39 |
Foco
⚔️ 56.1% · 🌾 43.9%
Spearman ×36 · Unknown (2550) ×33 · Mangonel ×3
Feudal
9:40
Castillos
20:15
Imperial
28:26
| APM promedio | 31.3 |
| APM pico | 107 |
| eAPM promedio | 15.4 |
| Aldeanos / militares | 79 / 28 |
Foco
⚔️ 24.7% · 🌾 75.3%
Archer ×18 · Mangonel ×8 · Trebuchet (Packed) ×2
Feudal
11:40
Castillos
21:46
Imperial
27:27
| APM promedio | 43.1 |
| APM pico | 86 |
| eAPM promedio | 20.1 |
| Aldeanos / militares | 125 / 175 |
Foco
⚔️ 38.0% · 🌾 62.0%
Skirmisher ×99 · Spearman ×69 · Trebuchet (Packed) ×7 · Unknown (2550) ×1
Feudal
11:05
Castillos
16:38
Imperial
35:07
| APM promedio | 35.8 |
| APM pico | 68 |
| eAPM promedio | 17.4 |
| Aldeanos / militares | 131 / 92 |
Foco
⚔️ 24.6% · 🌾 75.4%
Camel Archer ×87 · Trebuchet (Packed) ×5
Feudal
9:51
Castillos
20:33
Imperial
37:26
| APM promedio | 16.0 |
| APM pico | 37 |
| eAPM promedio | 9.3 |
| Aldeanos / militares | 88 / 90 |
Foco
⚔️ 25.5% · 🌾 74.5%
Archer ×33 · Skirmisher ×22 · Shotel Warrior ×15 · Knight ×10 · Mangonel ×6 · Scout Cavalry ×4
Feudal
9:56
Castillos
17:06
Imperial
36:19
| APM promedio | 29.1 |
| APM pico | 56 |
| eAPM promedio | 21.0 |
| Aldeanos / militares | 162 / 119 |
Foco
⚔️ 30.1% · 🌾 69.9%
Janissary ×107 · Bombard Cannon ×7 · Battering Ram ×3 · Monk ×2
Feudal
8:43
Castillos
23:04
Imperial
—
| APM promedio | 36.8 |
| APM pico | 75 |
| eAPM promedio | 18.6 |
| Aldeanos / militares | 174 / 171 |
Foco
⚔️ 20.2% · 🌾 79.8%
Knight ×158 · Scout Cavalry ×13
Mapa de la partida
Recursos iniciales + cada clic de construcción. Líneas = muros · curvas = relieve. ◆ oro · ⬟ piedra · ● bayas · ✦ reliquia · ◌ hueco del cierre
Tu base· ✓ Cerrada en 20:22 · 12t muro · 1 puerta(s)
Base de BobDonut· ✓ Cerrada en 15:42 · 13t muro · 1 puerta(s)
Base de Chacal90z· ✓ Cerrada en 20:15 · 33t muro · 1 puerta(s)
Base de JTB066· ✓ Cerrada en 21:46 · 6t muro · 1 puerta(s)
Base de lightless gulfs· ✓ Cerrada en 16:38 · 15t muro · 3 puerta(s)
Base de missglue· ✓ Cerrada en 20:33 · 8t muro · 1 puerta(s)
Base de bigDboyer· ✓ Cerrada en 17:06 · 19t muro · 1 puerta(s)
Base de Aiden· ✓ Cerrada en 23:04 · 0t muro · 1 puerta(s)
Terreno inicial suavizado · ◌ = hueco del cierre detectado · pasá el cursor para detalles
Inputs por minuto
— PurpleGirafe - - BobDonut
Build order — PurpleGirafe
Primeras 150 de 270 acciones detectadas
| 0:01 | Crear | Villager (Male) |
| 0:02 | Crear | Villager (Male) |
| 0:05 | Construir | House |
| 0:06 | Construir | House |
| 0:16 | Crear | Villager (Male) |
| 0:19 | Crear | Villager (Male) |
| 1:30 | Crear | Villager (Male) |
| 1:54 | Construir | Lumber Camp |
| 1:59 | Crear | Villager (Male) |
| 2:25 | Crear | Villager (Male) |
| 2:56 | Crear | Villager (Male) |
| 3:20 | Crear | Villager (Male) |
| 3:34 | Construir | House |
| 3:43 | Crear | Villager (Male) |
| 3:56 | Construir | Mill |
| 4:19 | Crear | Villager (Male) |
| 4:25 | Crear | Villager (Male) |
| 5:01 | Crear | Villager (Male) |
| 5:08 | Construir | House |
| 5:15 | Construir | Palisade Wall |
| 5:50 | Crear | Villager (Male) |
| 5:53 | Crear | Villager (Male) |
| 6:38 | Crear | Villager (Male) |
| 6:58 | Crear | Villager (Male) |
| 6:58 | Crear | Villager (Male) |
| 7:37 | Crear | Villager (Male) |
| 7:59 | Crear | Villager (Male) |
| 8:15 | Investigar | Feudal Age |
| 8:26 | Construir | Mining Camp |
| 8:48 | Construir | Barracks |
| 9:30 | Construir | House |
| 9:31 | Construir | House |
| 9:41 | Construir | Palisade Gate |
| 10:30 | Edad | Edad Feudal |
| 10:32 | Construir | Blacksmith |
| 10:38 | Construir | Archery Range |
| 10:44 | Crear | Villager (Male) |
| 10:45 | Investigar | Double-Bit Axe |
| 10:46 | Investigar | Gold Mining |
| 11:17 | Crear | Archer |
| 11:22 | Construir | Archery Range |
| 11:31 | Crear | Villager (Male) |
| 11:33 | Crear | Archer |
| 11:40 | Investigar | Fletching |
| 11:42 | Crear | Villager (Male) |
| 12:02 | Crear | Archer |
| 12:03 | Crear | Villager (Male) |
| 12:18 | Crear | Archer |
| 12:19 | Crear | Archer |
| 12:39 | Crear | Villager (Male) |
| 12:41 | Crear | Archer |
| 12:41 | Crear | Archer |
| 13:32 | Crear | Villager (Male) |
| 13:36 | Construir | House |
| 13:46 | Construir | Farm |
| 13:46 | Construir | Farm |
| 13:46 | Construir | Farm |
| 13:47 | Construir | Farm |
| 13:47 | Construir | Farm |
| 13:48 | Construir | Farm |
| 13:48 | Construir | Farm |
| 13:50 | Construir | Farm |
| 13:58 | Crear | Villager (Male) |
| 14:00 | Crear | Archer |
| 14:01 | Crear | Archer |
| 14:21 | Investigar | Padded Archer Armor |
| 14:21 | Crear | Villager (Male) |
| 14:36 | Investigar | Horse Collar |
| 14:56 | Crear | Villager (Male) |
| 14:59 | Construir | Farm |
| 15:18 | Crear | Villager (Male) |
| 15:24 | Construir | House |
| 15:33 | Crear | Villager (Male) |
| 15:37 | Construir | House |
| 16:03 | Construir | Market |
| 16:27 | Crear | Villager (Male) |
| 16:27 | Crear | Villager (Male) |
| 17:09 | Crear | Villager (Male) |
| 17:36 | Investigar | Castle Age |
| 17:36 | Investigar | Castle Age |
| 17:54 | Crear | Archer |
| 17:54 | Crear | Archer |
| 18:05 | Investigar | Loom |
| 18:22 | Crear | Villager (Male) |
| 19:00 | Construir | Palisade Wall |
| 19:28 | Construir | Outpost |
| 20:22 | Edad | Edad de los Castillos |
| 20:26 | Investigar | Crossbowman (upgrade) |
| 20:28 | Investigar | Bodkin Arrow |
| 20:30 | Crear | Villager (Male) |
| 20:39 | Construir | Town Center |
| 20:40 | Crear | Villager (Male) |
| 21:03 | Investigar | Leather Archer Armor |
| 21:04 | Crear | Villager (Male) |
| 21:13 | Crear | Villager (Male) |
| 21:18 | Crear | Archer |
| 21:18 | Crear | Archer |
| 21:33 | Crear | Villager (Male) |
| 21:37 | Construir | Outpost |
| 21:54 | Construir | Town Center |
| 22:17 | Crear | Archer ×5 |
| 22:19 | Crear | Villager (Male) |
| 22:21 | Construir | House |
| 22:22 | Construir | House |
| 22:34 | Crear | Villager (Male) |
| 22:38 | Investigar | Bow Saw |
| 22:49 | Crear | Villager (Male) |
| 22:54 | Construir | Farm |
| 22:56 | Construir | House |
| 22:58 | Construir | House |
| 23:03 | Construir | Farm |
| 23:21 | Construir | Mining Camp |
| 23:25 | Crear | Villager (Male) |
| 23:30 | Construir | House |
| 23:32 | Construir | House |
| 23:32 | Construir | House |
| 23:40 | Crear | Archer |
| 23:40 | Crear | Archer |
| 23:41 | Crear | Villager (Male) |
| 23:43 | Crear | Villager (Male) |
| 23:53 | Construir | Farm |
| 24:45 | Crear | Archer ×5 |
| 24:47 | Crear | Villager (Male) |
| 25:08 | Crear | Villager (Male) |
| 25:10 | Investigar | Wheelbarrow |
| 25:15 | Construir | House |
| 25:15 | Construir | House |
| 25:18 | Construir | Farm |
| 25:19 | Construir | Farm |
| 25:40 | Crear | Archer ×5 |
| 25:40 | Crear | Villager (Male) |
| 25:41 | Crear | Villager (Male) |
| 25:42 | Crear | Villager (Male) |
| 25:43 | Construir | Farm |
| 25:46 | Construir | Farm |
| 25:51 | Construir | Farm |
| 25:54 | Construir | Lumber Camp |
| 26:28 | Crear | Villager (Male) |
| 26:29 | Crear | Villager (Male) |
| 26:30 | Crear | Villager (Male) |
| 26:32 | Construir | Farm |
| 27:24 | Investigar | Thumb Ring |
| 27:52 | Crear | Villager (Male) |
| 27:53 | Crear | Villager (Male) |
| 27:54 | Crear | Villager (Male) |
| 27:57 | Crear | Villager (Male) |
| 28:03 | Construir | Farm |
| 28:04 | Construir | Farm |
| 28:04 | Construir | Farm |
| 28:04 | Construir | Farm |
Build order — BobDonut
Primeras 150 de 290 acciones detectadas
| 0:01 | Crear | Villager (Male) |
| 0:01 | Crear | Villager (Male) |
| 0:03 | Construir | House |
| 0:04 | Construir | House |
| 0:25 | Crear | Villager (Male) |
| 0:25 | Crear | Villager (Male) |
| 1:30 | Crear | Villager (Male) |
| 1:58 | Crear | Villager (Male) |
| 1:59 | Crear | Villager (Male) |
| 2:04 | Construir | Settlement |
| 2:28 | Crear | Villager (Male) |
| 2:37 | Crear | Villager (Male) |
| 3:20 | Crear | Villager (Male) |
| 3:20 | Crear | Villager (Male) |
| 3:40 | Investigar | Loom |
| 3:40 | Crear | Villager (Male) |
| 3:57 | Construir | House |
| 4:26 | Crear | Villager (Male) |
| 4:38 | Construir | House |
| 5:10 | Crear | Villager (Male) |
| 5:10 | Crear | Villager (Male) |
| 5:27 | Construir | House |
| 5:30 | Crear | Villager (Male) |
| 5:30 | Crear | Villager (Male) |
| 6:00 | Construir | House |
| 6:10 | Crear | Villager (Male) |
| 6:38 | Construir | House |
| 7:08 | Construir | Barracks |
| 7:15 | Crear | Villager (Male) |
| 7:44 | Construir | Palisade Gate |
| 7:53 | Crear | Villager (Male) |
| 7:53 | Crear | Villager (Male) |
| 8:37 | Construir | Settlement |
| 8:46 | Investigar | Feudal Age |
| 8:46 | Investigar | Feudal Age |
| 9:46 | Construir | House |
| 10:04 | Construir | House |
| 10:56 | Edad | Edad Feudal |
| 11:02 | Construir | Blacksmith |
| 11:04 | Crear | Villager (Male) |
| 11:05 | Crear | Villager (Male) |
| 11:12 | Construir | Market |
| 12:01 | Construir | Stone Wall |
| 12:27 | Construir | Stone Wall |
| 12:56 | Construir | Stone Wall |
| 13:02 | Investigar | Castle Age |
| 13:59 | Investigar | Double-Bit Axe |
| 14:26 | Investigar | Horse Collar |
| 14:28 | Construir | Farm |
| 14:29 | Construir | Farm |
| 14:34 | Construir | Barracks |
| 14:56 | Construir | Farm |
| 14:58 | Crear | Villager (Male) |
| 14:58 | Crear | Villager (Male) |
| 15:29 | Construir | Watch Tower |
| 15:42 | Edad | Edad de los Castillos |
| 15:43 | Construir | Barracks |
| 15:46 | Investigar | Tech 1402 |
| 16:06 | Construir | Farm |
| 16:10 | Crear | Villager (Male) |
| 16:19 | Crear | Villager (Male) |
| 16:22 | Construir | Farm |
| 16:32 | Construir | Farm |
| 16:42 | Crear | Villager (Male) |
| 16:54 | Construir | Farm |
| 17:03 | Construir | Farm |
| 17:05 | Crear | Villager (Male) |
| 17:14 | Investigar | Scale Mail Armor |
| 17:23 | Construir | Farm |
| 17:32 | Crear | Villager (Male) |
| 17:35 | Construir | Farm |
| 17:50 | Construir | Farm |
| 17:51 | Crear | Villager (Male) |
| 18:05 | Crear | Villager (Male) |
| 18:15 | Crear | Villager (Male) |
| 18:20 | Construir | Farm |
| 18:25 | Construir | Farm |
| 18:26 | Crear | Villager (Male) |
| 18:38 | Investigar | Tech 1351 |
| 18:40 | Crear | Villager (Male) |
| 18:44 | Construir | Farm |
| 18:53 | Crear | Villager (Male) |
| 19:02 | Construir | Stone Wall |
| 19:06 | Construir | Stone Wall |
| 19:14 | Crear | Unit 2550 |
| 19:14 | Crear | Unit 2550 |
| 19:14 | Crear | Unit 2550 |
| 19:20 | Construir | Watch Tower |
| 20:49 | Crear | Villager (Male) |
| 20:50 | Crear | Villager (Male) |
| 20:53 | Crear | Unit 2550 |
| 20:53 | Crear | Unit 2550 |
| 21:36 | Crear | Villager (Male) |
| 21:45 | Construir | Stone Wall |
| 22:36 | Crear | Villager (Male) |
| 22:37 | Crear | Villager (Male) |
| 22:41 | Construir | Farm |
| 22:59 | Construir | Farm |
| 23:01 | Construir | Farm |
| 23:04 | Construir | Farm |
| 23:08 | Crear | Villager (Male) |
| 23:09 | Crear | Villager (Male) |
| 23:33 | Construir | Gate |
| 23:35 | Crear | Villager (Male) |
| 23:42 | Construir | Farm |
| 23:47 | Investigar | Squires |
| 24:03 | Construir | Farm |
| 24:07 | Construir | Farm |
| 24:08 | Crear | Villager (Male) |
| 24:19 | Crear | Villager (Male) |
| 24:33 | Crear | Villager (Male) |
| 24:36 | Crear | Villager (Male) |
| 24:42 | Construir | Blacksmith |
| 24:45 | Crear | Villager (Male) |
| 24:50 | Construir | Farm |
| 25:06 | Construir | Stone Wall |
| 25:09 | Crear | Villager (Male) |
| 25:16 | Investigar | Gold Mining |
| 25:19 | Crear | Unit 2550 |
| 25:19 | Crear | Unit 2550 |
| 25:20 | Crear | Villager (Male) |
| 25:27 | Crear | Villager (Male) |
| 25:33 | Crear | Unit 2550 |
| 25:34 | Crear | Villager (Male) |
| 25:43 | Crear | Villager (Male) |
| 25:47 | Crear | Villager (Male) |
| 26:00 | Crear | Villager (Male) |
| 26:01 | Crear | Villager (Male) |
| 26:08 | Investigar | Arson |
| 26:17 | Crear | Unit 2550 |
| 26:18 | Crear | Unit 2550 |
| 26:20 | Crear | Villager (Male) |
| 26:50 | Construir | Siege Workshop |
| 27:03 | Investigar | Chain Mail Armor |
| 27:07 | Crear | Villager (Male) |
| 27:07 | Crear | Villager (Male) |
| 27:36 | Construir | Settlement |
| 27:52 | Crear | Villager (Male) |
| 27:53 | Crear | Villager (Male) |
| 28:18 | Crear | Mangonel |
| 28:22 | Crear | Unit 2550 |
| 28:22 | Crear | Unit 2550 |
| 28:28 | Crear | Villager (Male) |
| 28:28 | Crear | Villager (Male) |
| 28:30 | Crear | Villager (Male) |
| 28:41 | Crear | Unit 2550 |
| 28:41 | Crear | Unit 2550 |
| 29:20 | Crear | Villager (Male) |
| 29:30 | Construir | House |
| 29:41 | Crear | Unit 2550 |
Build order — Chacal90z
Primeras 150 de 211 acciones detectadas
| 0:01 | Crear | Villager (Male) |
| 0:01 | Crear | Villager (Male) |
| 0:03 | Construir | House |
| 0:06 | Investigar | Loom |
| 0:07 | Crear | Villager (Male) |
| 0:07 | Crear | Villager (Male) |
| 0:08 | Construir | House |
| 0:36 | Crear | Villager (Male) |
| 1:25 | Construir | Lumber Camp |
| 1:29 | Crear | Villager (Male) |
| 1:29 | Crear | Villager (Male) |
| 2:05 | Crear | Villager (Male) |
| 2:33 | Crear | Villager (Male) |
| 3:00 | Crear | Villager (Male) |
| 3:24 | Crear | Villager (Male) |
| 3:30 | Crear | Villager (Male) |
| 3:55 | Construir | House |
| 4:01 | Crear | Villager (Male) |
| 4:38 | Crear | Villager (Male) |
| 4:45 | Construir | House |
| 5:21 | Crear | Villager (Male) |
| 5:28 | Crear | Villager (Male) |
| 5:36 | Construir | Barracks |
| 5:53 | Crear | Villager (Male) |
| 6:17 | Construir | Mining Camp |
| 6:31 | Construir | Palisade Wall |
| 6:36 | Construir | Palisade Gate |
| 6:38 | Crear | Villager (Male) |
| 7:30 | Investigar | Feudal Age |
| 7:44 | Construir | House |
| 8:56 | Crear | Villager (Male) |
| 9:28 | Crear | Villager (Male) |
| 9:40 | Edad | Edad Feudal |
| 9:47 | Construir | Archery Range |
| 10:11 | Construir | Archery Range |
| 10:17 | Crear | Villager (Male) |
| 10:36 | Construir | House |
| 10:36 | Construir | House |
| 10:43 | Investigar | Double-Bit Axe |
| 10:57 | Construir | House |
| 10:58 | Crear | Archer |
| 10:58 | Crear | Archer |
| 11:20 | Crear | Villager (Male) |
| 11:20 | Crear | Villager (Male) |
| 11:32 | Crear | Archer |
| 11:33 | Crear | Archer |
| 11:51 | Construir | Stone Wall |
| 11:54 | Crear | Archer |
| 11:54 | Crear | Archer |
| 12:15 | Crear | Villager (Male) |
| 12:16 | Crear | Villager (Male) |
| 12:27 | Construir | Mill |
| 12:43 | Construir | Stone Wall |
| 12:44 | Construir | Stone Wall |
| 14:15 | Crear | Villager (Male) |
| 14:17 | Crear | Villager (Male) |
| 14:30 | Construir | Farm |
| 14:30 | Construir | Farm |
| 14:30 | Construir | Farm |
| 14:31 | Construir | Farm |
| 14:47 | Construir | Stone Wall |
| 14:55 | Crear | Villager (Male) |
| 15:07 | Construir | Mining Camp |
| 15:13 | Crear | Villager (Male) |
| 15:29 | Crear | Villager (Male) |
| 15:59 | Construir | Farm |
| 16:18 | Construir | Blacksmith |
| 16:28 | Crear | Villager (Male) |
| 16:33 | Construir | Market |
| 16:36 | Crear | Villager (Male) |
| 17:35 | Investigar | Castle Age |
| 19:27 | Construir | House |
| 19:36 | Crear | Villager (Male) |
| 19:36 | Crear | Villager (Male) |
| 19:48 | Investigar | Wheelbarrow |
| 20:15 | Edad | Edad de los Castillos |
| 20:33 | Crear | Villager (Male) |
| 21:19 | Construir | Castle |
| 21:30 | Construir | Lumber Camp |
| 21:33 | Crear | Villager (Male) |
| 21:34 | Crear | Villager (Male) |
| 22:01 | Construir | Farm |
| 22:31 | Crear | Villager (Male) |
| 22:47 | Crear | Villager (Male) |
| 22:53 | Crear | Villager (Male) |
| 23:03 | Construir | Mill |
| 23:27 | Construir | Farm |
| 23:28 | Construir | Farm |
| 23:30 | Construir | Farm |
| 23:39 | Construir | Farm |
| 24:14 | Crear | Villager (Male) |
| 24:14 | Crear | Villager (Male) |
| 24:31 | Construir | Farm |
| 25:03 | Construir | Farm |
| 25:14 | Construir | Farm |
| 25:16 | Investigar | Imperial Age |
| 25:53 | Investigar | Bow Saw |
| 26:09 | Construir | Archery Range |
| 26:24 | Investigar | Fletching |
| 26:29 | Crear | Villager (Male) |
| 26:29 | Crear | Villager (Male) |
| 26:59 | Investigar | Bodkin Arrow |
| 27:03 | Construir | Archery Range |
| 27:09 | Crear | Villager (Male) |
| 27:16 | Investigar | Gold Mining |
| 27:56 | Construir | Archery Range |
| 27:59 | Investigar | Crossbowman (upgrade) |
| 28:10 | Crear | Villager (Male) |
| 28:26 | Edad | Edad Imperial |
| 28:34 | Crear | Trebuchet (Packed) |
| 28:40 | Crear | Villager (Male) |
| 29:32 | Crear | Trebuchet (Packed) |
| 29:39 | Crear | Villager (Male) |
| 30:17 | Crear | Villager (Male) |
| 30:22 | Crear | Archer |
| 30:22 | Crear | Archer |
| 30:23 | Crear | Archer |
| 30:23 | Crear | Archer |
| 30:26 | Construir | House |
| 30:27 | Construir | House |
| 31:01 | Construir | House |
| 31:01 | Construir | House |
| 31:02 | Construir | House |
| 31:02 | Construir | House |
| 31:02 | Construir | House |
| 31:05 | Crear | Archer |
| 31:05 | Crear | Archer |
| 31:05 | Crear | Archer |
| 31:06 | Crear | Archer |
| 31:19 | Crear | Villager (Male) |
| 31:19 | Crear | Villager (Male) |
| 31:33 | Investigar | Bracer |
| 31:39 | Construir | Archery Range |
| 32:26 | Crear | Archer |
| 32:26 | Crear | Archer |
| 32:26 | Crear | Archer |
| 32:26 | Crear | Archer |
| 32:31 | Construir | Siege Workshop |
| 32:43 | Crear | Villager (Male) |
| 32:54 | Construir | Mill |
| 32:55 | Construir | Farm |
| 32:55 | Construir | Farm |
| 32:55 | Construir | Farm |
| 32:55 | Construir | Farm |
| 32:56 | Construir | Farm |
| 32:56 | Construir | Farm |
| 32:56 | Construir | Farm |
| 32:57 | Construir | Farm |
| 32:57 | Construir | Farm |
| 33:17 | Crear | Villager (Male) |
Build order — JTB066
Primeras 150 de 428 acciones detectadas
| 0:01 | Crear | Villager (Male) |
| 0:01 | Crear | Villager (Male) |
| 0:03 | Construir | House |
| 0:06 | Construir | House |
| 0:32 | Crear | Villager (Male) |
| 0:32 | Crear | Villager (Male) |
| 0:32 | Crear | Villager (Male) |
| 1:23 | Crear | Villager (Male) |
| 1:23 | Crear | Villager (Male) |
| 1:45 | Construir | Settlement |
| 2:08 | Crear | Villager (Male) |
| 2:08 | Crear | Villager (Male) |
| 2:22 | Crear | Villager (Male) |
| 2:51 | Crear | Villager (Male) |
| 2:51 | Crear | Villager (Male) |
| 3:12 | Construir | House |
| 3:35 | Crear | Villager (Male) |
| 3:36 | Crear | Villager (Male) |
| 3:36 | Crear | Villager (Male) |
| 4:02 | Crear | Villager (Male) |
| 4:02 | Crear | Villager (Male) |
| 4:28 | Crear | Villager (Male) |
| 4:29 | Crear | Villager (Male) |
| 5:00 | Construir | Settlement |
| 5:16 | Crear | Villager (Male) |
| 5:16 | Crear | Villager (Male) |
| 5:38 | Construir | Palisade Gate |
| 5:42 | Construir | Palisade Wall |
| 5:45 | Crear | Villager (Male) |
| 6:08 | Crear | Villager (Male) |
| 6:09 | Crear | Villager (Male) |
| 6:09 | Crear | Villager (Male) |
| 6:27 | Crear | Villager (Male) |
| 6:28 | Crear | Villager (Male) |
| 6:56 | Construir | Outpost |
| 7:12 | Crear | Villager (Male) |
| 7:57 | Crear | Villager (Male) |
| 8:22 | Crear | Villager (Male) |
| 8:59 | Investigar | Feudal Age |
| 9:11 | Construir | Barracks |
| 9:15 | Construir | Settlement |
| 10:20 | Construir | House |
| 10:20 | Construir | House |
| 10:29 | Investigar | Loom |
| 10:29 | Crear | Villager (Male) |
| 10:29 | Crear | Villager (Male) |
| 10:49 | Crear | Unit 2550 |
| 11:40 | Edad | Edad Feudal |
| 11:44 | Construir | Archery Range |
| 11:49 | Crear | Skirmisher |
| 11:49 | Crear | Skirmisher |
| 11:53 | Construir | Blacksmith |
| 11:55 | Construir | Archery Range |
| 12:03 | Construir | House |
| 12:15 | Construir | Settlement |
| 12:19 | Crear | Villager (Male) |
| 12:38 | Crear | Skirmisher |
| 13:09 | Investigar | Fletching |
| 13:09 | Crear | Villager (Male) |
| 13:10 | Crear | Villager (Male) |
| 13:23 | Crear | Skirmisher |
| 13:29 | Crear | Skirmisher |
| 13:30 | Crear | Skirmisher |
| 13:33 | Crear | Skirmisher |
| 13:34 | Crear | Skirmisher |
| 13:42 | Crear | Villager (Male) |
| 13:49 | Construir | Farm |
| 13:51 | Investigar | Double-Bit Axe |
| 14:26 | Crear | Villager (Male) |
| 14:26 | Crear | Villager (Male) |
| 14:48 | Construir | Farm |
| 14:52 | Construir | Farm |
| 14:55 | Crear | Villager (Male) |
| 14:58 | Construir | Farm |
| 15:00 | Construir | Farm |
| 15:02 | Construir | Farm |
| 15:10 | Investigar | Horse Collar |
| 15:10 | Investigar | Horse Collar |
| 15:13 | Crear | Villager (Male) |
| 15:22 | Construir | Farm |
| 15:39 | Crear | Villager (Male) |
| 15:42 | Construir | Farm |
| 15:47 | Construir | Farm |
| 15:54 | Construir | Farm |
| 15:57 | Crear | Villager (Male) |
| 16:17 | Construir | Farm |
| 16:24 | Construir | Farm |
| 16:29 | Construir | Farm |
| 16:33 | Crear | Villager (Male) |
| 17:04 | Crear | Villager (Male) |
| 17:22 | Construir | Market |
| 17:44 | Crear | Villager (Male) |
| 17:51 | Investigar | Wheelbarrow |
| 17:58 | Construir | Farm |
| 18:01 | Construir | Farm |
| 18:33 | Investigar | Castle Age |
| 18:33 | Investigar | Castle Age |
| 19:08 | Construir | Settlement |
| 19:24 | Investigar | Padded Archer Armor |
| 20:26 | Crear | Skirmisher |
| 20:26 | Crear | Skirmisher |
| 20:26 | Crear | Skirmisher |
| 20:26 | Crear | Skirmisher |
| 20:27 | Crear | Skirmisher |
| 21:46 | Edad | Edad de los Castillos |
| 22:09 | Construir | Castle |
| 22:15 | Investigar | Elite Skirmisher (upgrade) |
| 22:18 | Investigar | Bow Saw |
| 22:18 | Investigar | Heavy Plow |
| 22:20 | Crear | Villager (Male) |
| 22:25 | Construir | Town Center |
| 22:36 | Construir | University |
| 22:52 | Construir | Farm |
| 22:52 | Construir | Farm |
| 22:52 | Construir | Farm |
| 22:56 | Construir | Farm |
| 23:02 | Crear | Villager (Male) |
| 23:02 | Crear | Villager (Male) |
| 23:04 | Crear | Villager (Male) |
| 23:36 | Construir | Farm |
| 24:09 | Investigar | Imperial Age |
| 24:09 | Investigar | Imperial Age |
| 24:18 | Crear | Villager (Male) |
| 24:19 | Crear | Villager (Male) |
| 24:32 | Investigar | Bodkin Arrow |
| 24:48 | Crear | Skirmisher |
| 24:48 | Crear | Skirmisher |
| 24:49 | Crear | Skirmisher |
| 24:49 | Crear | Skirmisher |
| 24:49 | Crear | Skirmisher |
| 24:49 | Crear | Skirmisher |
| 25:50 | Investigar | Leather Archer Armor |
| 26:04 | Investigar | Ballistics |
| 27:08 | Investigar | Malon |
| 27:22 | Crear | Villager (Male) |
| 27:22 | Crear | Villager (Male) |
| 27:27 | Edad | Edad Imperial |
| 27:34 | Crear | Trebuchet (Packed) |
| 27:43 | Crear | Villager (Male) |
| 27:55 | Crear | Skirmisher |
| 27:55 | Crear | Skirmisher |
| 27:56 | Crear | Skirmisher |
| 27:56 | Crear | Skirmisher |
| 27:57 | Crear | Skirmisher |
| 27:57 | Crear | Skirmisher |
| 27:59 | Crear | Skirmisher |
| 28:15 | Crear | Trebuchet (Packed) |
| 28:16 | Crear | Trebuchet (Packed) |
| 28:18 | Crear | Villager (Male) |
| 28:28 | Construir | Farm |
Build order — lightless gulfs
Primeras 150 de 349 acciones detectadas
| 0:01 | Crear | Villager (Male) ×4 |
| 0:03 | Construir | House |
| 0:05 | Construir | House |
| 1:24 | Crear | Villager (Male) |
| 1:46 | Construir | Lumber Camp |
| 2:01 | Crear | Villager (Male) |
| 2:18 | Crear | Villager (Male) |
| 2:18 | Crear | Villager (Male) |
| 2:52 | Crear | Villager (Male) |
| 3:11 | Crear | Villager (Male) |
| 3:36 | Crear | Villager (Male) |
| 4:00 | Construir | Mill |
| 4:02 | Crear | Villager (Male) |
| 4:17 | Construir | House |
| 4:23 | Crear | Villager (Male) |
| 4:50 | Crear | Villager (Male) |
| 4:57 | Crear | Villager (Male) |
| 5:14 | Crear | Villager (Male) |
| 5:34 | Construir | Palisade Wall |
| 5:43 | Crear | Villager (Male) |
| 5:51 | Construir | House |
| 6:27 | Crear | Villager (Male) |
| 6:36 | Construir | House |
| 6:57 | Crear | Villager (Male) |
| 7:06 | Construir | Palisade Wall |
| 7:10 | Construir | Palisade Gate |
| 7:13 | Construir | Farm |
| 7:15 | Crear | Villager (Male) |
| 7:36 | Construir | Farm |
| 7:54 | Crear | Villager (Male) |
| 7:54 | Crear | Villager (Male) |
| 8:02 | Construir | Mining Camp |
| 8:19 | Construir | House |
| 8:55 | Investigar | Feudal Age |
| 8:59 | Construir | House |
| 9:02 | Construir | House |
| 9:50 | Construir | House |
| 10:37 | Construir | Palisade Gate |
| 10:59 | Crear | Villager (Male) |
| 11:00 | Crear | Villager (Male) |
| 11:05 | Edad | Edad Feudal |
| 11:14 | Construir | Market |
| 11:27 | Construir | Blacksmith |
| 11:37 | Construir | Stone Wall |
| 11:42 | Construir | Gate |
| 11:47 | Crear | Villager (Male) |
| 12:14 | Crear | Villager (Male) |
| 13:33 | Investigar | Loom |
| 13:37 | Investigar | Castle Age |
| 14:15 | Investigar | Double-Bit Axe |
| 14:29 | Construir | Mining Camp |
| 14:41 | Investigar | Horse Collar |
| 15:04 | Construir | Farm |
| 15:07 | Construir | Farm |
| 15:09 | Construir | Farm |
| 16:03 | Investigar | Gold Mining |
| 16:04 | Investigar | Stone Mining |
| 16:22 | Crear | Villager (Male) |
| 16:38 | Edad | Edad de los Castillos |
| 16:44 | Construir | Castle |
| 16:59 | Investigar | Fletching |
| 17:01 | Crear | Villager (Male) |
| 17:28 | Crear | Villager (Male) |
| 17:35 | Construir | Town Center |
| 17:56 | Crear | Villager (Male) |
| 18:20 | Construir | Mining Camp |
| 18:21 | Crear | Villager (Male) |
| 18:42 | Crear | Camel Archer |
| 18:44 | Crear | Villager (Male) |
| 19:01 | Construir | Farm |
| 19:15 | Crear | Villager (Male) |
| 19:17 | Crear | Camel Archer |
| 19:37 | Crear | Villager (Male) |
| 19:40 | Crear | Camel Archer |
| 19:40 | Crear | Camel Archer |
| 19:45 | Construir | Farm |
| 19:54 | Construir | Farm |
| 19:54 | Crear | Villager (Male) |
| 20:24 | Crear | Camel Archer |
| 20:41 | Crear | Villager (Male) |
| 20:42 | Crear | Villager (Male) |
| 21:01 | Crear | Camel Archer |
| 21:05 | Crear | Camel Archer |
| 21:06 | Crear | Villager (Male) |
| 21:07 | Crear | Villager (Male) |
| 21:27 | Crear | Camel Archer |
| 21:33 | Crear | Villager (Male) |
| 21:40 | Construir | University |
| 22:01 | Crear | Villager (Male) |
| 22:02 | Crear | Villager (Male) |
| 22:20 | Crear | Villager (Male) |
| 22:22 | Crear | Camel Archer |
| 22:25 | Investigar | Ballistics |
| 22:38 | Crear | Villager (Male) |
| 22:40 | Crear | Villager (Male) |
| 23:00 | Construir | Farm |
| 23:01 | Construir | Farm |
| 23:05 | Construir | Farm |
| 23:06 | Crear | Villager (Male) |
| 23:14 | Construir | Town Center |
| 23:18 | Crear | Camel Archer |
| 23:27 | Crear | Villager (Male) |
| 23:36 | Crear | Villager (Male) |
| 23:45 | Construir | Castle |
| 23:51 | Crear | Villager (Male) |
| 23:53 | Crear | Camel Archer |
| 24:06 | Construir | Farm |
| 24:09 | Construir | Farm |
| 24:13 | Construir | Farm |
| 24:14 | Construir | Farm |
| 24:15 | Crear | Villager (Male) |
| 24:16 | Crear | Villager (Male) |
| 24:37 | Crear | Camel Archer |
| 24:37 | Crear | Camel Archer |
| 24:47 | Crear | Villager (Male) |
| 24:47 | Crear | Villager (Male) |
| 24:51 | Construir | House |
| 24:52 | Construir | House |
| 25:09 | Crear | Camel Archer |
| 25:35 | Crear | Camel Archer |
| 25:40 | Crear | Villager (Male) |
| 26:09 | Crear | Villager (Male) |
| 26:09 | Crear | Villager (Male) |
| 26:10 | Crear | Villager (Male) |
| 26:12 | Crear | Villager (Male) |
| 26:15 | Crear | Camel Archer |
| 26:16 | Crear | Camel Archer |
| 26:31 | Construir | Castle |
| 26:33 | Crear | Villager (Male) |
| 26:34 | Crear | Camel Archer |
| 26:39 | Crear | Villager (Male) |
| 26:40 | Crear | Villager (Male) |
| 26:48 | Crear | Camel Archer |
| 26:48 | Crear | Camel Archer |
| 27:37 | Investigar | Bodkin Arrow |
| 27:37 | Crear | Villager (Male) |
| 27:38 | Crear | Villager (Male) |
| 27:38 | Crear | Villager (Male) |
| 27:40 | Crear | Camel Archer |
| 27:40 | Crear | Camel Archer |
| 27:41 | Crear | Camel Archer |
| 27:43 | Crear | Villager (Male) |
| 28:03 | Crear | Villager (Male) |
| 28:05 | Crear | Villager (Male) |
| 28:07 | Construir | Farm |
| 28:09 | Crear | Villager (Male) |
| 28:10 | Construir | House |
| 28:11 | Construir | House |
| 28:12 | Construir | House |
| 28:16 | Crear | Camel Archer |
Build order — missglue
Primeras 150 de 203 acciones detectadas
| 0:01 | Crear | Villager (Male) |
| 0:01 | Crear | Villager (Male) |
| 0:02 | Crear | Villager (Male) |
| 0:03 | Construir | House |
| 0:04 | Construir | House |
| 0:15 | Crear | Villager (Male) |
| 1:38 | Crear | Villager (Male) |
| 2:14 | Construir | Lumber Camp |
| 2:20 | Crear | Villager (Male) |
| 2:20 | Crear | Villager (Male) |
| 2:39 | Crear | Villager (Male) |
| 3:15 | Crear | Villager (Male) |
| 3:15 | Crear | Villager (Male) |
| 3:55 | Crear | Villager (Male) |
| 4:09 | Construir | House |
| 4:15 | Crear | Villager (Male) |
| 4:49 | Construir | House |
| 4:59 | Crear | Villager (Male) |
| 5:00 | Crear | Villager (Male) |
| 5:33 | Construir | Mill |
| 5:44 | Crear | Villager (Male) |
| 5:53 | Crear | Villager (Male) |
| 5:58 | Crear | Villager (Male) |
| 7:07 | Crear | Villager (Male) |
| 7:41 | Investigar | Feudal Age |
| 8:44 | Construir | House |
| 8:59 | Construir | Barracks |
| 9:08 | Crear | Villager (Male) |
| 9:09 | Crear | Villager (Male) |
| 9:21 | Construir | Palisade Gate |
| 9:28 | Construir | Palisade Wall |
| 9:46 | Construir | Palisade Wall |
| 9:51 | Crear | Villager (Male) |
| 9:51 | Edad | Edad Feudal |
| 10:16 | Construir | Stable |
| 10:28 | Crear | Villager (Male) |
| 10:39 | Crear | Villager (Male) |
| 11:10 | Crear | Villager (Male) |
| 11:18 | Construir | Blacksmith |
| 11:23 | Crear | Scout Cavalry ×4 |
| 11:58 | Crear | Villager (Male) |
| 12:23 | Investigar | Scale Barding Armor |
| 12:29 | Construir | House |
| 12:58 | Construir | Farm |
| 12:58 | Construir | Farm |
| 12:59 | Construir | Farm |
| 12:59 | Construir | Farm |
| 13:00 | Construir | Farm |
| 13:00 | Construir | Farm |
| 13:04 | Crear | Villager (Male) |
| 13:05 | Crear | Villager (Male) |
| 13:10 | Construir | House |
| 13:11 | Crear | Villager (Male) |
| 13:59 | Construir | Farm |
| 14:02 | Construir | Farm |
| 14:04 | Crear | Villager (Male) |
| 14:44 | Crear | Villager (Male) |
| 14:48 | Construir | Farm |
| 14:59 | Construir | Market |
| 15:04 | Construir | House |
| 15:34 | Construir | Farm |
| 15:37 | Crear | Villager (Male) |
| 16:03 | Construir | House |
| 16:09 | Construir | Mining Camp |
| 16:13 | Crear | Villager (Male) |
| 16:35 | Construir | House |
| 16:40 | Crear | Villager (Male) |
| 16:50 | Construir | Farm |
| 17:17 | Construir | Farm |
| 17:20 | Investigar | Loom |
| 17:29 | Construir | Farm |
| 17:53 | Investigar | Castle Age |
| 18:20 | Investigar | Double-Bit Axe |
| 18:23 | Investigar | Horse Collar |
| 18:41 | Investigar | Gold Mining |
| 19:39 | Construir | Archery Range |
| 20:33 | Edad | Edad de los Castillos |
| 20:53 | Construir | Town Center |
| 21:16 | Construir | Archery Range |
| 21:20 | Crear | Archer ×5 |
| 21:33 | Crear | Villager (Male) |
| 21:33 | Crear | Villager (Male) |
| 21:33 | Crear | Villager (Male) |
| 21:33 | Crear | Villager (Male) |
| 21:38 | Investigar | Bow Saw |
| 21:51 | Investigar | Crossbowman (upgrade) |
| 21:52 | Crear | Archer ×3 |
| 22:15 | Investigar | Padded Archer Armor |
| 22:19 | Construir | House |
| 22:30 | Crear | Villager (Male) |
| 22:30 | Crear | Villager (Male) |
| 22:31 | Crear | Villager (Male) |
| 22:31 | Crear | Villager (Male) |
| 22:34 | Crear | Villager (Male) |
| 22:35 | Crear | Villager (Male) |
| 23:21 | Crear | Archer |
| 23:31 | Construir | House |
| 23:39 | Crear | Villager (Male) ×5 |
| 23:39 | Crear | Villager (Male) ×5 |
| 24:10 | Construir | Archery Range |
| 24:12 | Construir | Archery Range |
| 24:22 | Construir | Mining Camp |
| 24:48 | Investigar | Town Watch |
| 24:49 | Investigar | Wheelbarrow |
| 26:07 | Investigar | Thumb Ring |
| 26:09 | Crear | Archer ×5 |
| 26:09 | Crear | Archer ×5 |
| 26:32 | Construir | House |
| 26:36 | Construir | House |
| 26:40 | Construir | House |
| 26:42 | Construir | House |
| 26:50 | Construir | Palisade Gate |
| 26:54 | Construir | House |
| 26:59 | Construir | House |
| 27:56 | Crear | Archer ×5 |
| 27:58 | Crear | Archer ×5 |
| 28:27 | Construir | Mining Camp |
| 28:42 | Construir | Farm |
| 28:42 | Construir | Farm |
| 28:43 | Construir | Farm |
| 28:43 | Construir | Farm |
| 28:43 | Construir | Farm |
| 28:43 | Construir | Farm |
| 28:44 | Construir | Farm |
| 28:44 | Construir | Farm |
| 28:44 | Construir | Farm |
| 28:45 | Construir | Farm |
| 28:47 | Crear | Villager (Male) |
| 28:47 | Crear | Villager (Male) |
| 28:50 | Crear | Villager (Male) |
| 28:50 | Crear | Villager (Male) |
| 29:19 | Crear | Archer ×4 |
| 29:27 | Crear | Villager (Male) |
| 29:28 | Crear | Villager (Male) |
| 30:06 | Crear | Villager (Male) ×5 |
| 30:56 | Construir | House |
| 31:06 | Construir | Town Center |
| 31:12 | Crear | Villager (Male) |
| 31:16 | Crear | Villager (Male) |
| 31:16 | Crear | Villager (Male) |
| 31:25 | Investigar | Heavy Plow |
| 31:37 | Construir | Farm |
| 31:38 | Crear | Villager (Male) |
| 31:38 | Crear | Villager (Male) |
| 32:39 | Construir | Siege Workshop |
| 32:48 | Construir | University |
| 33:48 | Construir | Castle |
| 34:03 | Construir | Farm |
| 34:16 | Investigar | Imperial Age |
| 34:40 | Construir | Siege Workshop |
Build order — bigDboyer
Primeras 150 de 455 acciones detectadas
| 0:01 | Crear | Villager (Male) |
| 0:01 | Crear | Villager (Male) |
| 0:01 | Crear | Villager (Male) |
| 0:02 | Construir | House |
| 0:04 | Construir | House |
| 0:35 | Crear | Villager (Male) |
| 0:36 | Crear | Villager (Male) |
| 1:31 | Crear | Villager (Male) |
| 1:31 | Crear | Villager (Male) |
| 1:45 | Construir | Lumber Camp |
| 2:00 | Crear | Villager (Male) |
| 2:02 | Investigar | Loom |
| 2:06 | Crear | Villager (Male) |
| 2:07 | Crear | Villager (Male) |
| 2:24 | Construir | Palisade Wall |
| 2:28 | Construir | Palisade Gate |
| 2:52 | Crear | Villager (Male) |
| 2:52 | Crear | Villager (Male) |
| 2:53 | Crear | Villager (Male) |
| 3:08 | Construir | House |
| 3:23 | Crear | Villager (Male) |
| 3:23 | Crear | Villager (Male) |
| 3:44 | Construir | Palisade Wall |
| 3:48 | Construir | Palisade Gate |
| 3:56 | Crear | Villager (Male) |
| 3:56 | Crear | Villager (Male) |
| 3:56 | Crear | Villager (Male) |
| 4:41 | Crear | Villager (Male) |
| 5:45 | Crear | Villager (Male) |
| 5:45 | Crear | Villager (Male) |
| 5:45 | Crear | Villager (Male) |
| 5:51 | Construir | Mill |
| 6:30 | Crear | Villager (Male) |
| 6:30 | Crear | Villager (Male) |
| 6:30 | Crear | Villager (Male) |
| 7:17 | Construir | House |
| 7:46 | Investigar | Feudal Age |
| 7:46 | Investigar | Feudal Age |
| 8:01 | Construir | Mining Camp |
| 9:16 | Crear | Villager (Male) |
| 9:16 | Crear | Villager (Male) |
| 9:49 | Crear | Villager (Male) |
| 9:52 | Crear | Villager (Male) |
| 9:56 | Edad | Edad Feudal |
| 10:19 | Construir | House |
| 10:25 | Construir | Market |
| 10:34 | Construir | Blacksmith |
| 10:38 | Crear | Villager (Male) |
| 11:24 | Construir | Palisade Wall |
| 11:54 | Crear | Villager (Male) |
| 12:32 | Crear | Villager (Male) |
| 12:34 | Crear | Villager (Male) |
| 12:44 | Construir | Farm |
| 12:46 | Construir | Farm |
| 12:55 | Construir | Farm |
| 12:57 | Construir | Farm |
| 13:00 | Construir | Farm |
| 13:19 | Crear | Villager (Male) |
| 13:25 | Construir | Farm |
| 13:35 | Crear | Villager (Male) |
| 13:47 | Construir | House |
| 14:17 | Construir | House |
| 14:26 | Investigar | Castle Age |
| 14:26 | Investigar | Castle Age |
| 14:30 | Investigar | Double-Bit Axe |
| 15:13 | Crear | Villager (Male) |
| 15:13 | Crear | Villager (Male) |
| 15:18 | Investigar | Horse Collar |
| 15:40 | Construir | Barracks |
| 15:48 | Construir | House |
| 15:54 | Crear | Villager (Male) |
| 15:54 | Crear | Villager (Male) |
| 17:00 | Construir | Farm |
| 17:04 | Construir | Farm |
| 17:06 | Edad | Edad de los Castillos |
| 17:10 | Construir | Town Center |
| 17:20 | Construir | Town Center |
| 17:25 | Crear | Villager (Male) |
| 17:25 | Crear | Villager (Male) |
| 17:28 | Investigar | Bow Saw |
| 17:49 | Investigar | Stone Mining |
| 18:15 | Crear | Villager (Male) |
| 18:15 | Crear | Villager (Male) |
| 18:16 | Crear | Villager (Male) |
| 18:17 | Crear | Villager (Male) |
| 18:17 | Crear | Villager (Male) |
| 18:18 | Crear | Villager (Male) |
| 18:53 | Crear | Villager (Male) |
| 18:53 | Crear | Villager (Male) |
| 18:56 | Crear | Villager (Male) |
| 18:56 | Crear | Villager (Male) |
| 19:02 | Construir | Farm |
| 19:02 | Construir | Farm |
| 19:02 | Construir | Farm |
| 19:02 | Construir | Farm |
| 19:09 | Construir | Farm |
| 19:13 | Construir | Farm |
| 19:13 | Construir | Farm |
| 19:13 | Construir | Farm |
| 19:28 | Crear | Villager (Male) |
| 19:28 | Crear | Villager (Male) |
| 19:32 | Crear | Villager (Male) |
| 19:44 | Construir | Palisade Wall |
| 19:51 | Construir | Gate |
| 20:10 | Construir | Palisade Wall |
| 20:11 | Construir | Palisade Wall |
| 20:12 | Construir | Palisade Wall |
| 20:17 | Construir | Gate |
| 20:25 | Crear | Villager (Male) |
| 20:26 | Crear | Villager (Male) |
| 20:26 | Crear | Villager (Male) |
| 20:27 | Crear | Villager (Male) |
| 20:27 | Crear | Villager (Male) |
| 20:35 | Construir | Farm |
| 20:35 | Construir | Farm |
| 20:36 | Construir | Farm |
| 20:36 | Construir | Farm |
| 20:36 | Construir | Farm |
| 20:43 | Construir | Farm |
| 20:43 | Construir | Farm |
| 20:46 | Crear | Villager (Male) |
| 20:46 | Crear | Villager (Male) |
| 20:46 | Crear | Villager (Male) |
| 21:17 | Construir | House |
| 21:18 | Construir | House |
| 21:20 | Construir | House |
| 21:21 | Construir | House |
| 21:22 | Construir | House |
| 21:25 | Crear | Villager (Male) |
| 21:25 | Crear | Villager (Male) |
| 21:47 | Crear | Villager (Male) |
| 21:47 | Crear | Villager (Male) |
| 21:52 | Crear | Villager (Male) |
| 21:52 | Crear | Villager (Male) |
| 21:53 | Crear | Villager (Male) |
| 22:02 | Construir | House |
| 22:03 | Construir | House |
| 22:09 | Investigar | Heavy Plow |
| 22:10 | Crear | Villager (Male) |
| 22:10 | Crear | Villager (Male) |
| 22:10 | Crear | Villager (Male) |
| 22:31 | Crear | Villager (Male) |
| 22:32 | Crear | Villager (Male) |
| 22:34 | Crear | Villager (Male) |
| 22:35 | Crear | Villager (Male) |
| 22:35 | Crear | Villager (Male) |
| 22:44 | Investigar | Gold Mining |
| 23:18 | Crear | Villager (Male) |
| 23:18 | Crear | Villager (Male) |
| 23:19 | Crear | Villager (Male) |
Build order — Aiden
Primeras 150 de 424 acciones detectadas
| 0:00 | Crear | Villager (Male) |
| 0:01 | Crear | Villager (Male) |
| 0:02 | Construir | House |
| 0:03 | Construir | House |
| 0:44 | Crear | Villager (Male) |
| 0:44 | Crear | Villager (Male) |
| 0:44 | Crear | Villager (Male) |
| 2:03 | Crear | Villager (Male) |
| 2:28 | Crear | Villager (Male) |
| 2:28 | Crear | Villager (Male) |
| 2:29 | Crear | Villager (Male) |
| 3:21 | Crear | Villager (Male) |
| 4:07 | Crear | Villager (Male) |
| 4:07 | Crear | Villager (Male) |
| 4:13 | Construir | Lumber Camp |
| 4:22 | Construir | House |
| 4:56 | Crear | Villager (Male) |
| 5:13 | Construir | Mill |
| 5:22 | Crear | Villager (Male) |
| 5:47 | Crear | Villager (Male) |
| 6:11 | Crear | Villager (Male) |
| 6:24 | Construir | House |
| 6:35 | Crear | Villager (Male) |
| 6:39 | Investigar | Feudal Age |
| 6:40 | Investigar | Feudal Age |
| 7:20 | Construir | Barracks |
| 7:26 | Construir | House |
| 7:41 | Investigar | Loom |
| 7:41 | Crear | Villager (Male) |
| 7:42 | Crear | Villager (Male) |
| 8:43 | Edad | Edad Feudal |
| 8:49 | Construir | Stable |
| 9:01 | Construir | Palisade Gate |
| 9:05 | Investigar | Double-Bit Axe |
| 9:07 | Investigar | Horse Collar |
| 9:42 | Crear | Villager (Male) |
| 9:45 | Crear | Scout Cavalry ×2 |
| 9:45 | Crear | Scout Cavalry ×2 |
| 9:57 | Construir | Blacksmith |
| 10:05 | Construir | House |
| 10:09 | Construir | House |
| 10:11 | Crear | Villager (Male) |
| 10:17 | Construir | Farm |
| 10:29 | Crear | Villager (Male) |
| 10:33 | Construir | Farm |
| 10:42 | Crear | Scout Cavalry |
| 10:49 | Construir | Farm |
| 11:01 | Crear | Villager (Male) |
| 11:07 | Construir | Farm |
| 11:11 | Crear | Villager (Male) |
| 11:30 | Construir | Farm |
| 11:40 | Crear | Scout Cavalry |
| 11:44 | Crear | Villager (Male) |
| 11:50 | Construir | Farm |
| 11:54 | Construir | Farm |
| 12:06 | Crear | Villager (Male) |
| 12:23 | Crear | Scout Cavalry |
| 12:24 | Crear | Scout Cavalry |
| 12:26 | Construir | House |
| 12:36 | Construir | Farm |
| 12:38 | Crear | Villager (Male) |
| 12:55 | Crear | Villager (Male) |
| 13:04 | Construir | House |
| 13:06 | Crear | Scout Cavalry |
| 13:15 | Crear | Villager (Male) |
| 13:37 | Investigar | Forging |
| 13:48 | Construir | Farm |
| 13:48 | Construir | Farm |
| 13:49 | Construir | Farm |
| 13:49 | Construir | Farm |
| 13:53 | Crear | Villager (Male) |
| 13:53 | Crear | Villager (Male) |
| 14:04 | Crear | Scout Cavalry |
| 14:18 | Crear | Villager (Male) |
| 14:22 | Construir | Farm |
| 14:31 | Construir | Farm |
| 14:34 | Crear | Scout Cavalry |
| 14:45 | Crear | Villager (Male) |
| 14:59 | Crear | Villager (Male) |
| 15:04 | Construir | Farm |
| 15:08 | Construir | Farm |
| 15:29 | Crear | Villager (Male) |
| 15:30 | Crear | Scout Cavalry |
| 15:30 | Crear | Scout Cavalry |
| 15:45 | Construir | Mining Camp |
| 15:57 | Crear | Villager (Male) |
| 15:57 | Crear | Villager (Male) |
| 15:57 | Crear | Villager (Male) |
| 16:04 | Construir | Market |
| 16:13 | Construir | House |
| 16:19 | Construir | Lumber Camp |
| 16:49 | Crear | Villager (Male) |
| 16:49 | Crear | Villager (Male) |
| 16:49 | Crear | Villager (Male) |
| 17:40 | Construir | Mill |
| 17:41 | Construir | Farm |
| 17:41 | Construir | Farm |
| 17:42 | Construir | Farm |
| 17:42 | Construir | Farm |
| 17:42 | Construir | Farm |
| 17:44 | Crear | Villager (Male) |
| 17:46 | Investigar | Bloodlines |
| 18:10 | Construir | House |
| 18:15 | Construir | House |
| 18:22 | Crear | Villager (Male) |
| 18:28 | Investigar | Wheelbarrow |
| 18:33 | Construir | Lumber Camp |
| 18:41 | Construir | Farm |
| 18:42 | Construir | Farm |
| 18:42 | Construir | Farm |
| 18:42 | Construir | Farm |
| 18:43 | Construir | Farm |
| 18:43 | Construir | Farm |
| 18:44 | Crear | Villager (Male) |
| 19:13 | Investigar | Scale Barding Armor |
| 19:50 | Crear | Villager (Male) |
| 19:51 | Crear | Villager (Male) |
| 20:39 | Investigar | Castle Age |
| 21:05 | Investigar | Gold Mining |
| 22:32 | Construir | Stable |
| 22:34 | Construir | Stable |
| 22:42 | Crear | Villager (Male) |
| 22:43 | Crear | Villager (Male) |
| 22:43 | Crear | Villager (Male) |
| 23:04 | Edad | Edad de los Castillos |
| 23:10 | Construir | Town Center |
| 23:19 | Investigar | Bow Saw |
| 23:21 | Investigar | Heavy Plow |
| 23:21 | Investigar | Heavy Plow |
| 23:25 | Investigar | Chain Barding Armor |
| 23:26 | Investigar | Iron Casting |
| 23:28 | Crear | Knight ×2 |
| 23:28 | Crear | Knight ×2 |
| 23:39 | Crear | Knight |
| 23:39 | Crear | Knight |
| 23:43 | Investigar | Gold Shaft Mining |
| 23:57 | Crear | Villager (Male) |
| 23:59 | Construir | Farm |
| 24:00 | Construir | Farm |
| 24:00 | Construir | Farm |
| 24:00 | Construir | Farm |
| 24:09 | Crear | Villager (Male) |
| 24:09 | Crear | Villager (Male) |
| 24:10 | Crear | Villager (Male) |
| 24:22 | Construir | Farm |
| 24:25 | Construir | Farm |
| 24:33 | Construir | House |
| 24:44 | Crear | Villager (Male) |
| 24:44 | Crear | Villager (Male) |
| 24:44 | Crear | Villager (Male) |
Cronología de la partida
| 2:24 | bigDboyer · wall_segment Palisade Wall x9 |
| 3:44 | bigDboyer · wall_segment Palisade Wall x5 |
| 5:15 | PurpleGirafe · wall_segment Palisade Wall x11 |
| 5:34 | lightless gulfs · wall_segment Palisade Wall x5 |
| 5:36 | Chacal90z · first_building Barracks |
| 5:42 | JTB066 · wall_segment Palisade Wall x6 |
| 6:31 | Chacal90z · wall_segment Palisade Wall x6 |
| 7:06 | lightless gulfs · wall_segment Palisade Wall x4 |
| 7:08 | BobDonut · first_building Barracks |
| 7:20 | Aiden · first_building Barracks |
| 8:43 | Aiden · age_up feudal |
| 8:48 | PurpleGirafe · first_building Barracks |
| 8:49 | Aiden · first_building Stable |
| 8:59 | missglue · first_building Barracks |
| 9:11 | JTB066 · first_building Barracks |
| 9:28 | missglue · wall_segment Palisade Wall x3 |
| 9:40 | Chacal90z · age_up feudal |
| 9:46 | missglue · wall_segment Palisade Wall x5 |
| 9:47 | Chacal90z · first_building Archery Range |
| 9:51 | missglue · age_up feudal |
| 9:56 | bigDboyer · age_up feudal |
| 10:16 | missglue · first_building Stable |
| 10:30 | PurpleGirafe · age_up feudal |
| 10:38 | PurpleGirafe · first_building Archery Range |
| 10:56 | BobDonut · age_up feudal |
| 11:05 | lightless gulfs · age_up feudal |
| 11:24 | bigDboyer · wall_segment Palisade Wall x5 |
| 11:37 | lightless gulfs · wall_segment Stone Wall x6 |
| 11:40 | JTB066 · age_up feudal |
| 11:44 | JTB066 · first_building Archery Range |
| 11:51 | Chacal90z · wall_segment Stone Wall x12 |
| 12:01 | BobDonut · wall_segment Stone Wall x3 |
| 12:27 | BobDonut · wall_segment Stone Wall x3 |
| 12:27 | lightless gulfs · first_market_sell 100 wood |
| 12:34 | lightless gulfs · first_market_buy 100 food |
| 12:43 | Chacal90z · wall_segment Stone Wall x1 |
| 12:44 | Chacal90z · wall_segment Stone Wall x1 |
| 12:56 | BobDonut · wall_segment Stone Wall x7 |
| 14:00 | bigDboyer · first_market_buy 100 food |
| 14:47 | Chacal90z · wall_segment Stone Wall x14 |
| 15:40 | bigDboyer · first_building Barracks |
| 15:42 | BobDonut · age_up castle |
| 16:38 | lightless gulfs · age_up castle |
| 16:44 | lightless gulfs · first_building Castle |
| 17:06 | bigDboyer · age_up castle |
| 17:20 | Chacal90z · first_market_buy 100 food |
| 17:21 | Chacal90z · first_market_sell 100 wood |
| 17:22 | PurpleGirafe · first_market_buy 100 food |
| 18:28 | JTB066 · first_market_buy 100 food |
| 19:00 | PurpleGirafe · wall_segment Palisade Wall x1 |
| 19:02 | BobDonut · wall_segment Stone Wall x1 |
| 19:06 | BobDonut · wall_segment Stone Wall x1 |
| 19:39 | missglue · first_building Archery Range |
| 19:44 | bigDboyer · wall_segment Palisade Wall x4 |
| 20:10 | bigDboyer · wall_segment Palisade Wall x3 |
| 20:11 | bigDboyer · wall_segment Palisade Wall x1 |
| 20:12 | bigDboyer · wall_segment Palisade Wall x1 |
| 20:15 | Chacal90z · age_up castle |
| 20:22 | PurpleGirafe · age_up castle |
| 20:33 | missglue · age_up castle |
| 21:19 | Chacal90z · first_building Castle |
| 21:45 | BobDonut · wall_segment Stone Wall x1 |
| 21:46 | JTB066 · age_up castle |
| 22:09 | JTB066 · first_building Castle |
| 23:04 | Aiden · age_up castle |
| 23:35 | Aiden · first_market_sell 500 wood |
| 23:36 | bigDboyer · first_building Monastery |
| 23:56 | JTB066 · first_market_sell 100 wood |
| 24:14 | bigDboyer · first_building Castle |
| 24:35 | bigDboyer · first_building Siege Workshop |
| 25:06 | BobDonut · wall_segment Stone Wall x1 |
| 26:45 | bigDboyer · wall_segment Palisade Wall x1 |
| 26:50 | BobDonut · first_building Siege Workshop |
| 27:27 | JTB066 · age_up imperial |
| 28:01 | Aiden · first_market_buy 100 stone |
| 28:26 | Chacal90z · age_up imperial |
| 30:17 | PurpleGirafe · first_market_sell 100 wood |
| 30:20 | bigDboyer · first_building Archery Range |
| 30:35 | PurpleGirafe · first_building Monastery |
| 32:31 | Chacal90z · first_building Siege Workshop |
| 32:39 | missglue · first_building Siege Workshop |
| 33:48 | missglue · first_building Castle |
| 34:27 | PurpleGirafe · first_building Castle |
| 34:27 | PurpleGirafe · age_up imperial |
| 35:07 | lightless gulfs · age_up imperial |
| 35:11 | bigDboyer · first_building Stable |
| 35:11 | PurpleGirafe · wall_segment Stone Wall x11 |
| 35:13 | PurpleGirafe · wall_segment Stone Wall x1 |
| 35:14 | PurpleGirafe · wall_segment Stone Wall x1 |
| 35:48 | PurpleGirafe · wall_segment Palisade Wall x1 |
| 36:19 | bigDboyer · age_up imperial |
| 37:26 | missglue · age_up imperial |
| 39:10 | PurpleGirafe · wall_segment Palisade Wall x1 |
| 40:18 | lightless gulfs · tribute_sent a jugador 1 |
| 40:18 | lightless gulfs · tribute_sent a jugador 2 |
| 40:18 | lightless gulfs · tribute_sent a jugador 3 |
| 40:18 | lightless gulfs · tribute_sent a jugador 4 |
| 40:18 | lightless gulfs · tribute_sent a jugador 6 |
| 40:18 | lightless gulfs · tribute_sent a jugador 7 |
| 40:18 | lightless gulfs · tribute_sent a jugador 8 |
| 41:44 | Aiden · first_building Siege Workshop |
| 41:47 | Aiden · first_building Monastery |
| 44:56 | lightless gulfs · first_building Barracks |
| 45:04 | PurpleGirafe · resign |
| 45:37 | lightless gulfs · first_building Stable |
[ ANÁLISIS IA · 1 CRÉDITO ]
¿Qué pasó realmente en esta partida?
Wolo.gg analiza cada decisión: build order, eco, micro, errores típicos por bracket. Análisis personalizado por WhatsApp o Discord en 30 segundos.
Guía civ
Sarracenos
Perfil
Jugador #1319702